[Event "2026 Biel Blitz Open"]
[Site "Biel, CH"]
[Date "2026.07.19"]
[Round "7"]
[White "Marinkovic, Zoran"]
[Black "Zumbrunn, Simon"]
[Result "1-0"]
[Board "52"]
[TimeControl "180+2"]
[WhiteFideId "1346083"]
[BlackFideId "1364146"]
[WhiteElo "2037"]
[BlackElo "1802"]
[WhiteClock "0:00:21"]
[BlackClock "0:00:32"]
[Variant "Standard"]
[EndDate "2026.07.19"]
[EndTime "14:05:24"]

1. e4 e5 2. Nf3 Nc6 3. d4 exd4 4. Nxd4 Nf6 5. Nxc6 bxc6 6. e5 Qe7 7. Qe2 Nd5 8. c4 Ba6 9. b3 g6 10. Bb2 Bg7 11. Nc3 Nf4 12. Qe3 Qxe5 13. O-O-O Qxe3+ 14. fxe3 Ne6 15. h4 Bh6 16. Re1 O-O 17. g4 Bg7 18. h5 Rfe8 19. Ne4 Bxb2+ 20. Kxb2 Re7 21. g5 Nf8 22. Bd3 Rae8 23. Nf6+ Kg7 24. Nxe8+ Rxe8 25. hxg6 hxg6 26. Rh4 Re5 27. Rg4 Bc8 28. Reg1 d6 29. Re4 Nd7 30. Rxe5 Nxe5 31. Be4 f5 32. gxf6+ Kxf6 33. Kc3 Bf5 34. Bxf5 Kxf5 35. Rf1+ Ke4 36. Kd2 Nf3+ 37. Ke2 Ne5 38. Rh1 g5 39. Rg1 g4 40. Rg3 d5 41. cxd5 cxd5 42. Rg1 c5 43. Rc1 c4 44. bxc4 dxc4 45. Rb1 Nd3 46. Rg1 Ne5 47. Rc1 Nf3 48. Rxc4+ Kf5 49. e4+ Kf4 50. Ra4 g3 51. e5+ 1-0

[Event "2026 Biel Blitz Open"]
[Site "Biel, CH"]
[Date "2026.07.19"]
[Round "7"]
[White "Aryan Goyal"]
[Black "Mikavica, Mirko"]
[Result "1-0"]
[Board "53"]
[TimeControl "180+2"]
[WhiteFideId "366108825"]
[BlackFideId "908657"]
[WhiteElo "1748"]
[BlackElo "2015"]
[WhiteClock "0:00:04"]
[BlackClock "0:00:06"]
[Variant "Standard"]
[EndDate "2026.07.19"]
[EndTime "14:05:02"]

1. e4 d6 2. d4 Nf6 3. Nc3 Nbd7 4. Be3 e5 5. Nf3 Be7 6. h3 c6 7. a4 a5 8. Bc4 O-O 9. O-O Qc7 10. Bb3 Rb8 11. Qe2 b6 12. Rfd1 Ba6 13. Qxa6 b5 14. axb5 c5 15. dxc5 Nxc5 16. Bxc5 Qxc5 17. Qc6 Qa7 18. Qc4 Nd7 19. Nd5 Bd8 20. Qe2 Nc5 21. Bc4 Ne6 22. Qe3 Qd7 23. Bf1 Kh8 24. b4 axb4 25. Qb3 Nc5 26. Qxb4 f5 27. exf5 Qxf5 28. Ne3 Qe6 29. Qc4 Qg6 30. Qg4 Qf6 31. Nd5 Qf7 32. Be2 Ne6 33. Bf1 h6 34. c4 Nc5 35. Qg3 Ne4 36. Qg4 Nc5 37. Ra2 Rc8 38. Nh2 Nb3 39. Qg3 Nd4 40. Qe3 Bg5 41. Qd3 Qxf2+ 42. Rxf2 Nf5 43. Rxf5 1-0

[Event "2026 Biel Blitz Open"]
[Site "Biel, CH"]
[Date "2026.07.19"]
[Round "8"]
[White "Bu, Xiangzhi"]
[Black "Ghosh, Diptayan"]
[Result "1/2-1/2"]
[Board "1"]
[TimeControl "180+2"]
[WhiteFideId "8601445"]
[BlackFideId "5045207"]
[WhiteElo "2719"]
[BlackElo "2530"]
[WhiteTitle "GM"]
[BlackTitle "GM"]
[WhiteClock "0:00:37"]
[BlackClock "0:00:51"]
[Variant "Standard"]
[EndDate "2026.07.19"]
[EndTime "14:17:59"]

1. Nf3 d5 2. d4 Nf6 3. c4 e6 4. Nc3 Nbd7 5. cxd5 exd5 6. Bg5 h6 7. Bh4 Be7 8. e3 c6 9. Bd3 O-O 10. Qc2 Re8 11. O-O Ne4 12. Bxe4 Bxh4 13. Bh7+ Kh8 14. Bd3 Be7 15. Rab1 a5 16. a3 Bd6 17. b4 axb4 18. axb4 Nf6 19. b5 c5 20. dxc5 Bxc5 21. Rfd1 Bg4 22. Be2 Rc8 23. Qb3 Be6 24. Nd4 Qd6 25. Nxe6 fxe6 26. Bf3 Qe5 27. Ne2 Bd6 28. g3 Rf8 29. Qd3 Kg8 30. Nf4 Rfe8 31. Rbc1 Rxc1 32. Rxc1 Qb2 33. Rb1 Qa3 34. Qxa3 Bxa3 35. h4 Kf7 36. Ra1 Bc5 37. Nd3 Bb6 38. g4 g5 39. hxg5 hxg5 40. Kf1 Rc8 41. Ke1 Ke7 1/2-1/2

[Event "2026 Biel Blitz Open"]
[Site "Biel, CH"]
[Date "2026.07.19"]
[Round "8"]
[White "Aronyak Ghosh"]
[Black "Dong, Hongfu"]
[Result "1-0"]
[Board "2"]
[TimeControl "180+2"]
[WhiteFideId "25072846"]
[BlackFideId "8626960"]
[WhiteElo "2488"]
[BlackElo "2290"]
[WhiteTitle "IM"]
[WhiteClock "0:01:35"]
[BlackClock "0:00:05"]
[Variant "Standard"]
[EndDate "2026.07.19"]
[EndTime "14:16:30"]

1. d4 Nf6 2. Bf4 d5 3. e3 c5 4. dxc5 e6 5. b4 a5 6. c3 axb4 7. cxb4 b6 8. Bxb8 Rxb8 9. Bb5+ Ke7 10. c6 Qd6 11. a3 g6 12. Nc3 Bg7 13. Nge2 e5 14. Rc1 Ra8 15. Ba4 Ba6 16. O-O Ra7 17. Bb5 Bc8 18. Bd3 Ba6 19. Bxa6 Rxa6 20. Qd3 Raa8 21. Nb5 Qd8 22. Rc2 Rc8 23. Rfc1 Ne8 24. c7 Qd7 25. Rc6 f5 26. Nec3 Nf6 27. Rd6 Qe8 28. Nxd5+ Nxd5 29. Qxd5 1-0

[Event "2026 Biel Blitz Open"]
[Site "Biel, CH"]
[Date "2026.07.19"]
[Round "8"]
[White "Savitha Shri B"]
[Black "Arjun Kalyan"]
[Result "0-1"]
[Board "3"]
[TimeControl "180+2"]
[WhiteFideId "35061887"]
[BlackFideId "35018701"]
[WhiteElo "2161"]
[BlackElo "2451"]
[WhiteTitle "IM"]
[BlackTitle "GM"]
[WhiteClock "0:00:10"]
[BlackClock "0:00:10"]
[Variant "Standard"]
[EndDate "2026.07.19"]
[EndTime "14:19:32"]

1. e4 e5 2. Nf3 Nc6 3. Bb5 a6 4. Ba4 Nf6 5. Nc3 Bc5 6. O-O d6 7. d3 h6 8. Be3 Bxe3 9. fxe3 b5 10. Bb3 Na5 11. d4 O-O 12. dxe5 dxe5 13. Qxd8 Rxd8 14. Nxe5 Nxb3 15. axb3 Bb7 16. Rfd1 b4 17. Rxd8+ Rxd8 18. Nd5 Nxd5 19. exd5 Rxd5 20. Nd3 a5 21. e4 Rg5 22. Re1 f5 23. Nc5 Bc6 24. Re2 fxe4 25. Nxe4 Re5 26. Ng3 Rxe2 27. Nxe2 Be4 28. Nd4 c5 29. Ne6 c4 30. bxc4 a4 31. Nd4 a3 32. bxa3 bxa3 33. Kf2 a2 34. Nb3 Bxc2 35. Na1 Bd3 36. c5 Be4 37. g3 Kf7 38. Ke3 Bg2 39. Kd4 Ke6 40. Nc2 Kd7 41. Kc3 Be4 42. Na1 Kc6 43. Kd4 Bf3 44. Ke3 Bd1 45. Kd4 Bf3 46. Ke3 Bg2 47. Kd4 Kb5 48. Nc2 Bh1 49. h4 Bg2 50. h5 Bf3 51. Na1 Kb4 52. Ke3 Bc6 53. Kd4 Bg2 54. Kd3 Kxc5 0-1

[Event "2026 Biel Blitz Open"]
[Site "Biel, CH"]
[Date "2026.07.19"]
[Round "8"]
[White "Shukhman, Anna"]
[Black "Mohammad Nubairshah Shaikh"]
[Result "1-0"]
[Board "4"]
[TimeControl "180+2"]
[WhiteFideId "54180058"]
[BlackFideId "5053196"]
[WhiteElo "2392"]
[BlackElo "2316"]
[WhiteTitle "WGM"]
[BlackTitle "IM"]
[WhiteClock "0:00:36"]
[BlackClock "0:00:13"]
[Variant "Standard"]
[EndDate "2026.07.19"]
[EndTime "14:19:12"]

1. e4 c6 2. d4 d5 3. e5 Bf5 4. Nf3 e6 5. Be2 Ne7 6. c3 h6 7. O-O Nd7 8. a4 Bh7 9. a5 a6 10. b4 Nc8 11. Ne1 Be7 12. Bd3 O-O 13. f4 Bxd3 14. Nxd3 f6 15. f5 exf5 16. e6 Nb8 17. Rxf5 Nd6 18. Rf1 b6 19. axb6 Qxb6 20. Qh5 Ra7 21. Bxh6 Bd8 22. Bf4 Ne4 23. Rf3 c5 24. Qxd5 Qc6 25. Qxc6 Nxc6 26. bxc5 g5 27. Bd6 Re8 28. d5 Ne7 29. c4 Ng6 30. Nf2 Nxd6 31. cxd6 Bb6 32. d7 Rd8 33. Rxf6 Ne5 34. e7 Raxd7 35. exd8=Q+ Bxd8 36. Re6 Nxc4 37. Nc3 a5 38. Nfe4 Ne3 39. Nc5 Re7 40. Rxe7 Bxe7 41. N5e4 Bb4 42. Kf2 Nf5 43. g4 Nd4 44. Ne2 Nb5 45. Rd1 Kf8 46. d6 Ke8 47. d7+ Kd8 48. Nxg5 Bc5+ 49. Kf3 Nd6 50. Ne6+ Kxd7 51. Nxc5+ Kc6 52. Na4 Nc4 53. Rc1 Kb5 54. Rxc4 Kxc4 55. Nec3 Kd4 56. h4 Ke5 57. h5 1-0

[Event "2026 Biel Blitz Open"]
[Site "Biel, CH"]
[Date "2026.07.19"]
[Round "8"]
[White "Safarli, Eltaj"]
[Black "Ling, Chenxuan"]
[Result "0-1"]
[Board "5"]
[TimeControl "180+2"]
[WhiteFideId "13402129"]
[BlackFideId "30983118"]
[WhiteElo "2619"]
[BlackElo "2235"]
[WhiteTitle "GM"]
[BlackTitle "CM"]
[WhiteClock "0:00:03"]
[BlackClock "0:00:16"]
[Variant "Standard"]
[EndDate "2026.07.19"]
[EndTime "14:19:26"]

1. e4 e6 2. d4 d5 3. Nd2 Nf6 4. e5 Nfd7 5. Bd3 c5 6. c3 Nc6 7. Ne2 cxd4 8. cxd4 f6 9. exf6 Nxf6 10. Nf3 Bd6 11. O-O O-O 12. Bf4 Bxf4 13. Nxf4 Ne4 14. Qc1 Ng5 15. Nxg5 Qxg5 16. Ne2 Qf6 17. Qe3 Bd7 18. Bb5 Rae8 19. f4 a6 20. Bxc6 Bxc6 21. Rf2 Rc8 22. Re1 Bd7 23. Nc3 Rc4 24. Rd1 Rfc8 25. f5 b5 26. Re1 Qxd4 27. Qxd4 Rxd4 28. fxe6 Be8 29. Re5 h6 30. h3 Bc6 31. e7 Re8 32. Re6 Bd7 33. Rd6 Rxe7 34. Nxd5 Re1+ 35. Kh2 Red1 36. Ne7+ Kh7 37. Rxa6 R1d2 38. Rxd2 Rxd2 39. b3 b4 40. Rb6 Rxa2 41. Rxb4 Rb2 42. Rd4 Bb5 43. b4 Bf1 44. Rg4 Be2 45. Rf4 Bh5 46. Nc6 g5 47. Rf1 Bg6 48. Re1 Bf7 49. Re5 Bc4 50. Re7+ Kg8 51. Re8+ Kg7 52. Re7+ Kf6 53. Re8 Bd5 54. Ne7 Ke5 0-1

[Event "2026 Biel Blitz Open"]
[Site "Biel, CH"]
[Date "2026.07.19"]
[Round "8"]
[White "Gloeckler, Christian"]
[Black "Gautier, Anand"]
[Result "1/2-1/2"]
[Board "6"]
[TimeControl "180+2"]
[WhiteFideId "34608966"]
[BlackFideId "26010186"]
[WhiteElo "2513"]
[BlackElo "2198"]
[WhiteTitle "IM"]
[BlackTitle "FM"]
[WhiteClock "0:00:10"]
[BlackClock "0:00:09"]
[Variant "Standard"]
[EndDate "2026.07.19"]
[EndTime "14:19:40"]

1. e4 c5 2. Nf3 d6 3. d4 cxd4 4. Nxd4 Nf6 5. Nc3 a6 6. Be3 e6 7. Be2 Qc7 8. g4 b5 9. g5 Nfd7 10. a3 Bb7 11. f4 Nc6 12. f5 Nxd4 13. Qxd4 Ne5 14. Rf1 Be7 15. f6 gxf6 16. gxf6 Bf8 17. O-O-O O-O-O 18. Bf4 h5 19. Bxb5 axb5 20. Nxb5 Qa5 21. a4 Bc6 22. Na7+ Kb7 23. Nxc6 Nxc6 24. Qc4 Bh6 25. Kb1 Bxf4 26. Rxf4 Rhg8 27. Rf3 Rg5 28. Rb3+ Kc7 29. Rb5 Rc5 30. Qb3 Rxb5 31. axb5 Ne5 32. c4 Ra8 33. Rd4 Qa1+ 34. Kc2 Qa4 35. Qxa4 Rxa4 36. Kb3 Ra1 37. Kb4 Rb1 38. b3 Nd7 39. Kc3 Rh1 40. b4 Rxh2 41. e5 Nxe5 42. c5 Rh3+ 43. Kc2 dxc5 44. bxc5 Ra3 45. Kb2 Rd3 46. Ra4 Nd7 47. c6 Nc5 48. Ra7+ Kb8 49. Rxf7 Rb3+ 50. Kc2 Rxb5 51. Kc3 Ne4+ 52. Kd4 Nxf6 53. Rxf6 Kc7 54. Rxe6 h4 55. Rh6 h3 56. Rxh3 Kxc6 57. Ke4 1/2-1/2

[Event "2026 Biel Blitz Open"]
[Site "Biel, CH"]
[Date "2026.07.19"]
[Round "8"]
[White "Elmi, Saad Abobaker"]
[Black "Amonatov, Farrukh"]
[Result "1-0"]
[Board "7"]
[TimeControl "180+2"]
[WhiteFideId "1553259"]
[BlackFideId "14700077"]
[WhiteElo "2409"]
[BlackElo "2585"]
[WhiteTitle "IM"]
[BlackTitle "GM"]
[WhiteClock "0:00:12"]
[BlackClock "0:00:11"]
[Variant "Standard"]
[EndDate "2026.07.19"]
[EndTime "14:19:13"]

1. e4 c5 2. Nc3 d6 3. d4 cxd4 4. Qxd4 Nc6 5. Qd2 g6 6. b3 Bh6 7. f4 Nf6 8. Bb2 O-O 9. O-O-O a5 10. a4 Bg4 11. Be2 Nb4 12. Bxg4 Nxg4 13. h3 Nf6 14. g4 Bg7 15. Kb1 Rc8 16. Re1 Qc7 17. Nf3 Rfd8 18. Nd4 e5 19. Ndb5 Qb6 20. g5 Nh5 21. f5 Nf4 22. f6 Bf8 23. Ba3 d5 24. Bxb4 Bxb4 25. exd5 Qc5 26. Kb2 Nxd5 27. Rxe5 Qxb5 28. Nxd5 Bxd2 29. axb5 Kf8 30. c4 a4 31. h4 h6 32. Rh2 Ba5 33. Rhe2 axb3 34. Kxb3 Rd7 35. Re7 Rcd8 36. Rxd7 Rxd7 37. b6 hxg5 38. hxg5 Rd6 39. Rh2 Ke8 40. Rh8+ Kd7 41. Rb8 Re6 42. Rxb7+ Kc6 43. Rxf7 Bxb6 44. Nxb6 Kxb6 45. Re7 Rd6 46. f7 Rd3+ 47. Kb4 Rf3 48. Re6+ 1-0

[Event "2026 Biel Blitz Open"]
[Site "Biel, CH"]
[Date "2026.07.19"]
[Round "8"]
[White "Kozak, Adam"]
[Black "Matsumura, Cocoro"]
[Result "1-0"]
[Board "8"]
[TimeControl "180+2"]
[WhiteFideId "753246"]
[BlackFideId "36087114"]
[WhiteElo "2537"]
[BlackElo "2131"]
[WhiteTitle "GM"]
[BlackTitle "CM"]
[WhiteClock "0:00:14"]
[BlackClock "0:00:05"]
[Variant "Standard"]
[EndDate "2026.07.19"]
[EndTime "14:18:07"]

1. d4 d5 2. c4 e6 3. Nc3 Nf6 4. cxd5 exd5 5. Bg5 c6 6. e3 h6 7. Bf4 Bd6 8. Bxd6 Qxd6 9. Bd3 O-O 10. Nge2 Re8 11. Qd2 Nbd7 12. f3 a5 13. e4 dxe4 14. fxe4 Qe7 15. e5 Nd5 16. O-O Nf8 17. Nxd5 cxd5 18. Nf4 Ne6 19. Nxd5 Qd8 20. Be4 Ng5 21. Qe3 Be6 22. Nf4 Nxe4 23. Qxe4 Bc4 24. Rf2 a4 25. a3 Rc8 26. h3 b5 27. Rd1 Bb3 28. Rdd2 Rc1+ 29. Kh2 Qg5 30. Rf3 Rec8 31. Qe3 Rb1 32. Ne2 Qh4 33. Rg3 Re1 34. Qf2 Ra1 35. Rxg7+ 1-0

[Event "2026 Biel Blitz Open"]
[Site "Biel, CH"]
[Date "2026.07.19"]
[Round "8"]
[White "Alexakis, Dimitris"]
[Black "Habibi, Ali"]
[Result "1/2-1/2"]
[Board "9"]
[TimeControl "180+2"]
[WhiteFideId "4277023"]
[BlackFideId "4604393"]
[WhiteElo "2459"]
[BlackElo "2116"]
[WhiteTitle "GM"]
[BlackTitle "IM"]
[WhiteClock "0:00:01"]
[BlackClock "0:00:35"]
[Variant "Standard"]
[EndDate "2026.07.19"]
[EndTime "14:27:27"]

1. e4 c5 2. Nf3 a6 3. Nc3 e6 4. d4 cxd4 5. Nxd4 Qc7 6. g3 d6 7. Bg2 Nf6 8. O-O Be7 9. a4 O-O 10. a5 Nbd7 11. Nb3 Ne5 12. h3 Bd7 13. Kh1 Rfe8 14. g4 g6 15. Bh6 Nc4 16. Qc1 Rac8 17. Ne2 e5 18. Ng3 Bb5 19. Rd1 b6 20. c3 bxa5 21. Nd2 Nxd2 22. Qxd2 a4 23. Nf5 Bf8 24. Bxf8 Rxf8 25. Qg5 Ne8 26. Ne7+ Kg7 27. Nxc8 Qxc8 28. Rd2 f6 29. Qe3 Rf7 30. f4 Qc6 31. g5 exf4 32. Qxf4 fxg5 33. Qxg5 Qc5 34. Qxc5 dxc5 35. e5 Re7 36. Rd5 c4 37. Re1 Nc7 38. Rd6 Ne6 39. Bd5 Nf4 40. Bf3 Nxh3 41. Bc6 Nf2+ 42. Kg1 Nd3 43. Re2 Rxe5 44. Rxe5 Nxe5 45. Bxb5 axb5 46. Rd5 Nd3 47. Rxb5 h5 48. Kg2 Kh6 49. Kf3 g5 50. Rb6+ Kg7 51. Ke4 g4 52. Kf5 Kf7 53. Rb7+ Ke8 54. Kg5 g3 55. Kxh5 g2 56. Rg7 Nxb2 57. Rxg2 Nd1 58. Re2+ Kf7 59. Rc2 a3 60. Rc1 Ne3 61. Ra1 Kf6 62. Rxa3 Ke5 63. Ra8 Ke4 64. Rd8 Nd5 65. Kg4 Nxc3 66. Kg3 Nd5 67. Kf2 Kd4 68. Ke2 Ke4 69. Kd2 Kd4 70. Rh8 c3+ 71. Kc1 Ne3 72. Rd8+ Kc4 73. Rd7 Kb3 74. Rd3 Nc4 75. Rd7 Ne3 76. Re7 Nd5 77. Re4 Nb4 78. Re2 Nd3+ 79. Kb1 Nb4 80. Re3 Nd5 81. Rh3 Nb4 82. Rg3 Nd5 83. Rxc3+ 1/2-1/2

[Event "2026 Biel Blitz Open"]
[Site "Biel, CH"]
[Date "2026.07.19"]
[Round "8"]
[White "Stefan, Romulus-Cristian"]
[Black "Thorfinnsson, Bjorn"]
[Result "0-1"]
[Board "10"]
[TimeControl "180+2"]
[WhiteFideId "1232835"]
[BlackFideId "2300982"]
[WhiteElo "2048"]
[BlackElo "2396"]
[WhiteTitle "CM"]
[BlackTitle "IM"]
[WhiteClock "0:00:10"]
[BlackClock "0:03:02"]
[Variant "Standard"]
[EndDate "2026.07.19"]
[EndTime "14:25:48"]

1. d4 d5 2. Nf3 e6 3. c4 Nf6 4. Bg5 dxc4 5. Nc3 a6 6. a4 h6 7. Bxf6 Qxf6 8. e3 Nc6 9. Bxc4 Bb4 10. O-O O-O 11. Ne4 Qe7 12. Qc2 b6 13. Be2 Bb7 14. Rac1 Rac8 15. Rfd1 Na5 16. Ned2 c5 17. dxc5 Rxc5 18. Qb1 Rfc8 19. Rxc5 Qxc5 20. Nd4 e5 21. Nf5 Kf8 22. Ne4 Qc2 23. Bf3 Qxb1 24. Rxb1 Rd8 25. h4 h5 26. Rc1 g6 27. Nfg3 Rc8 28. Rd1 Nc4 29. Rd7 Bc6 30. Ra7 Nxb2 31. Ng5 Be8 32. N3e4 Nxa4 33. Rxa6 Nc5 34. Ra7 Nxe4 35. Bxe4 Bc5 36. Bd5 b5 37. Bxf7 Bxa7 0-1

[Event "2026 Biel Blitz Open"]
[Site "Biel, CH"]
[Date "2026.07.19"]
[Round "8"]
[White "Ashwath Kaushik"]
[Black "Haimovich, Tal"]
[Result "1/2-1/2"]
[Board "11"]
[TimeControl "180+2"]
[WhiteFideId "33387230"]
[BlackFideId "2801698"]
[WhiteElo "2122"]
[BlackElo "2347"]
[WhiteTitle "FM"]
[BlackTitle "IM"]
[WhiteClock "0:00:17"]
[BlackClock "0:00:35"]
[Variant "Standard"]
[EndDate "2026.07.19"]
[EndTime "14:19:19"]

1. d4 d5 2. Nf3 Nf6 3. c4 e6 4. g3 Be7 5. Bg2 O-O 6. O-O Nbd7 7. b3 b6 8. cxd5 exd5 9. Nc3 Bb7 10. Ne5 Nxe5 11. dxe5 Ne4 12. Nxe4 dxe4 13. Qc2 Qd5 14. Bb2 Bc5 15. Rfd1 Qe6 16. Bxe4 Bxe4 17. Qxe4 Rae8 18. e3 f6 19. Qd5 fxe5 20. Qxe6+ Rxe6 21. Rd7 Rf7 22. Rad1 Bd6 23. Rd8+ Rf8 24. Rd7 Rf7 25. Rd8+ Rf8 26. Rxf8+ Kxf8 27. Rd5 Kf7 28. Kg2 e4 29. Rf5+ Kg8 30. f3 exf3+ 31. Kxf3 c6 32. e4 g6 33. Rf6 Rxf6+ 34. Bxf6 Kf7 35. Bd4 Ke6 36. h4 h5 37. g4 Bc7 38. b4 a6 39. a4 b5 40. axb5 cxb5 41. Bc5 Bd8 42. g5 Bc7 43. Bd4 Bd6 44. Bc3 Bc7 45. Bd4 a5 46. bxa5 Bxa5 47. Ke2 Bc7 48. Bf2 b4 49. Kd3 Bf4 50. Be1 b3 51. Kc3 Ke5 52. Kxb3 Kxe4 53. Kc4 Kf3 54. Kd5 Ke2 55. Ke6 Bxg5 56. Kf7 1/2-1/2

[Event "2026 Biel Blitz Open"]
[Site "Biel, CH"]
[Date "2026.07.19"]
[Round "8"]
[White "Kukushkin, Ivan"]
[Black "Filipovic, Branko"]
[Result "1/2-1/2"]
[Board "13"]
[TimeControl "180+2"]
[WhiteFideId "11634103"]
[BlackFideId "14507951"]
[WhiteElo "2265"]
[BlackElo "2109"]
[WhiteTitle "FM"]
[BlackTitle "IM"]
[WhiteClock "0:00:32"]
[BlackClock "0:01:42"]
[Variant "Standard"]
[EndDate "2026.07.19"]
[EndTime "14:25:19"]

1. e4 Nf6 2. e5 Nd5 3. Nf3 d6 4. d4 g6 5. c4 Nb6 6. exd6 cxd6 7. Nc3 Bg7 8. h3 O-O 9. Be2 Nc6 10. O-O Bf5 11. Be3 d5 12. c5 Nc4 13. Bxc4 dxc4 14. Qa4 Bd3 15. Rfd1 Qe8 16. Ne1 Nxd4 17. Qxe8 Rfxe8 18. Nxd3 cxd3 19. Rxd3 Nc2 20. Rad1 Nxe3 21. Rxe3 Bxc3 22. Rxc3 Red8 23. Rcd3 Rxd3 24. Rxd3 Kf8 25. Rd7 Rb8 26. b4 Ke8 27. Rd3 a6 28. Kf1 b6 29. cxb6 Rxb6 30. a3 Rb5 31. Ke2 a5 32. bxa5 Rxa5 33. Kf3 Ra4 34. Ke3 e5 35. Ke2 Ke7 36. Ke3 Ke6 37. f3 f5 38. Rb3 f4+ 39. Kd3 Kf5 40. Ke2 g5 41. Kf2 h5 42. Kf1 g4 43. hxg4+ hxg4 44. Ke2 1/2-1/2

[Event "2026 Biel Blitz Open"]
[Site "Biel, CH"]
[Date "2026.07.19"]
[Round "8"]
[White "El-Mais, Ibaa"]
[Black "Cao, Qingfeng"]
[Result "0-1"]
[Board "14"]
[TimeControl "180+2"]
[WhiteFideId "1312715"]
[BlackFideId "8627568"]
[WhiteElo "2012"]
[BlackElo "2264"]
[BlackTitle "IM"]
[WhiteClock "0:00:03"]
[BlackClock "0:00:36"]
[Variant "Standard"]
[EndDate "2026.07.19"]
[EndTime "14:19:15"]

1. d4 Nf6 2. Nf3 e6 3. e3 b6 4. Bd3 Bb7 5. b3 c5 6. Bb2 cxd4 7. exd4 d5 8. O-O Bd6 9. Nbd2 O-O 10. Re1 Ba6 11. c4 Nbd7 12. Ne5 dxc4 13. bxc4 Bb7 14. Ndf3 h6 15. Rc1 Rc8 16. Qa4 Qc7 17. Bb1 Rfd8 18. Qc2 Nf8 19. Qe2 Qb8 20. Red1 Qa8 21. Rd3 Be4 22. Re3 Bxb1 23. Rxb1 Qb7 24. Nd2 Bxe5 25. Rxe5 Ng6 26. Re3 Nf4 27. Qf3 Qxf3 28. Rxf3 Ne2+ 29. Kf1 Nxd4 30. Rf4 Nf5 31. g4 Rxd2 32. gxf5 exf5 33. Bxf6 gxf6 34. Rxf5 Rxc4 35. Rxf6 Rxa2 36. Rb3 Kg7 37. Rbf3 Rc7 38. R6f4 Ra5 39. h4 Rac5 40. Rg3+ Kf8 41. Rf6 R5c6 42. Rf5 a5 43. Rb3 Ra7 44. Rfb5 Ra6 45. Ke2 a4 46. R3b4 a3 47. Rb1 a2 48. Ra1 Rc2+ 49. Ke3 Rc5 50. Rb2 Rca5 51. Kd4 Ke7 52. Kc4 Kf6 53. f3 Kf5 54. Rd2 Ra3 55. Rd7 f6 56. Kd5 0-1

[Event "2026 Biel Blitz Open"]
[Site "Biel, CH"]
[Date "2026.07.19"]
[Round "8"]
[White "Fernandes Barbosa Dos Santos, Gabriel"]
[Black "Rappazzo, Johannes"]
[Result "0-1"]
[Board "15"]
[TimeControl "180+2"]
[WhiteFideId "1354388"]
[BlackFideId "1340069"]
[WhiteElo "2167"]
[BlackElo "2032"]
[WhiteTitle "CM"]
[BlackTitle "FM"]
[WhiteClock "0:00:06"]
[BlackClock "0:00:41"]
[Variant "Standard"]
[EndDate "2026.07.19"]
[EndTime "14:18:44"]

1. e4 c5 2. Nf3 d6 3. d4 cxd4 4. Nxd4 Nf6 5. Nc3 a6 6. Bg5 Nbd7 7. Qe2 h6 8. Bh4 g6 9. f4 e5 10. fxe5 dxe5 11. O-O-O Qc7 12. Nb3 b5 13. Rxd7 Nxd7 14. Nd5 Qb8 15. Na5 Bb7 16. Nxb7 Qxb7 17. Qf3 Bg7 18. Be7 Rc8 19. Bd3 Qc6 20. Rf1 Qe6 21. h4 h5 22. Kb1 f6 23. Qg3 Kf7 24. Bb4 Rhe8 25. Be2 Nb6 26. Qf3 Nxd5 27. exd5 Qg4 28. Qxg4 hxg4 29. Bxg4 f5 30. Be2 Red8 31. g4 f4 32. Bf3 Bf8 33. Bc3 Bd6 34. Re1 Re8 35. Be4 Re7 36. h5 gxh5 37. gxh5 Rh8 38. Rg1 Ke8 39. Rh1 Kd7 40. Kc1 Rf7 41. Kd1 Ke7 42. Ke2 Kf6 43. Be1 Rg7 44. Bh4+ Kf7 45. Bg6+ Rxg6 46. hxg6+ Kxg6 47. Kf3 Kf5 48. Kg2 e4 49. Be1 f3+ 50. Kg1 Bc5+ 0-1

[Event "2026 Biel Blitz Open"]
[Site "Biel, CH"]
[Date "2026.07.19"]
[Round "8"]
[White "Hirzel, Robin"]
[Black "Fogo Esquivel, Levi Kalani Alexander"]
[Result "0-1"]
[Board "16"]
[TimeControl "180+2"]
[WhiteFideId "1342320"]
[BlackFideId "5183189"]
[WhiteElo "2022"]
[BlackElo "2219"]
[BlackTitle "FM"]
[WhiteClock "0:00:28"]
[BlackClock "0:01:05"]
[Variant "Standard"]
[EndDate "2026.07.19"]
[EndTime "14:27:03"]

1. e4 e5 2. Nc3 Nc6 3. Bc4 Nf6 4. d3 Bb4 5. Nge2 d5 6. exd5 Nxd5 7. Bd2 Be6 8. Bxd5 Bxd5 9. Nxd5 Bxd2+ 10. Qxd2 Qxd5 11. O-O O-O-O 12. Nc3 Qd7 13. Rfe1 Rhe8 14. Qe3 Nd4 15. Rac1 f5 16. Ne2 Nc6 17. a3 e4 18. dxe4 Rxe4 19. Qc3 f4 20. h3 Rde8 21. Rcd1 Qe7 22. Rd2 Qg5 23. Qd3 f3 24. Qd7+ Kb8 25. g3 fxe2 26. h4 Qe7 27. Qd3 Rd4 0-1

[Event "2026 Biel Blitz Open"]
[Site "Biel, CH"]
[Date "2026.07.19"]
[Round "8"]
[White "Schweizer, Samuel"]
[Black "Rohrer, Christophe"]
[Result "1-0"]
[Board "17"]
[TimeControl "180+2"]
[WhiteFideId "1325353"]
[BlackFideId "1326546"]
[WhiteElo "2006"]
[BlackElo "2216"]
[BlackTitle "FM"]
[WhiteClock "0:02:29"]
[BlackClock "0:00:52"]
[Variant "Standard"]
[EndDate "2026.07.19"]
[EndTime "14:25:29"]

1. Nc3 d5 2. d4 Nf6 3. Bf4 Bf5 4. e3 e6 5. Nf3 Be7 6. Bd3 Bxd3 7. cxd3 c6 8. h3 Nbd7 9. Bh2 O-O 10. O-O Re8 11. a3 a5 12. Rc1 Bf8 13. Ne5 Nxe5 14. dxe5 Nd7 15. e4 d4 16. Ne2 c5 17. f4 Ra6 18. Rc2 a4 19. Kh1 b5 20. Ng1 Qb6 21. Nf3 h6 22. Qe2 Raa8 23. g4 g6 1-0

[Event "2026 Biel Blitz Open"]
[Site "Biel, CH"]
[Date "2026.07.19"]
[Round "8"]
[White "Kolly, Jacques"]
[Black "Vihaan Dumir"]
[Result "0-1"]
[Board "18"]
[TimeControl "180+2"]
[WhiteFideId "1302183"]
[BlackFideId "25901010"]
[WhiteElo "2203"]
[BlackElo "1965"]
[WhiteTitle "FM"]
[BlackTitle "CM"]
[WhiteClock "0:03:02"]
[BlackClock "0:00:58"]
[Variant "Standard"]
[EndDate "2026.07.19"]
[EndTime "14:17:20"]

1. d4 Nf6 2. c4 e6 3. Nc3 Bb4 4. Bg5 O-O 5. e3 c5 6. d5 exd5 7. cxd5 d6 8. Nf3 a6 9. Be2 b5 10. O-O Ba5 11. Ne4 Bf5 12. Nxf6+ gxf6 13. Bh4 Nd7 14. Bd3 Bg6 15. Bxg6 fxg6 16. Bg3 Bc7 17. Qc2 c4 18. e4 Nc5 19. Rfe1 Qd7 20. Nd4 Rae8 21. f3 Nd3 22. Red1 Bb6 23. Rxd3 cxd3 24. Qxd3 Qa7 25. Bf2 Rc8 26. Rf1 Rc4 27. Nc6 Bxf2+ 28. Kh1 Qe3 29. Qd1 Qc5 30. b3 0-1

[Event "2026 Biel Blitz Open"]
[Site "Biel, CH"]
[Date "2026.07.19"]
[Round "8"]
[White "Harish, Neeraj"]
[Black "Schweizer, Simon"]
[Result "0-1"]
[Board "19"]
[TimeControl "180+2"]
[WhiteFideId "30958130"]
[BlackFideId "1325361"]
[WhiteElo "1920"]
[BlackElo "2182"]
[WhiteTitle "CM"]
[WhiteClock "0:00:46"]
[BlackClock "0:02:05"]
[Variant "Standard"]
[EndDate "2026.07.19"]
[EndTime "14:16:09"]

1. e4 e5 2. Nf3 Nc6 3. Nc3 Nf6 4. a3 d5 5. Bb5 Nxe4 6. Nxe4 dxe4 7. Nxe5 Qd5 8. Bxc6+ bxc6 9. d4 exd3 10. Nxd3 Qxg2 11. Qe2+ Be7 12. Rf1 Bh3 13. Bf4 Qxf1+ 14. Qxf1 Bxf1 15. Kxf1 Bd6 16. Bg3 O-O 17. Kg2 Rfe8 18. Kf3 f6 19. Nb4 c5 20. Nd5 Rac8 21. Rd1 Kf7 22. Rd3 Bxg3 23. hxg3 c6 24. Nf4 Rcd8 25. Rc3 Re5 26. Nd3 Rf5+ 27. Ke2 h5 28. Nxc5 Re8+ 29. Kf1 g5 30. Nd3 Rc8 31. Rb3 Rc7 32. a4 Rd5 33. Rb8 c5 34. Ke2 c4 35. Nb4 Re7+ 36. Kf3 g4+ 37. Kg2 Rd1 38. Nc6 Ree1 39. Nd8+ Kg6 0-1

[Event "2026 Biel Blitz Open"]
[Site "Biel, CH"]
[Date "2026.07.19"]
[Round "8"]
[White "Haugner, Jan"]
[Black "Maruntis, Patrik-Robert"]
[Result "1-0"]
[Board "20"]
[TimeControl "180+2"]
[WhiteFideId "24655244"]
[BlackFideId "1259997"]
[WhiteElo "1976"]
[BlackElo "2167"]
[WhiteClock "0:01:04"]
[BlackClock "0:00:04"]
[Variant "Standard"]
[EndDate "2026.07.19"]
[EndTime "14:16:53"]

1. e4 d6 2. d4 Nf6 3. Nc3 e5 4. Nge2 Be7 5. h3 O-O 6. g4 exd4 7. Nxd4 Re8 8. Be3 Bf8 9. Bg2 Nc6 10. Qf3 Nxd4 11. Bxd4 Nxe4 12. Nxe4 d5 13. O-O-O dxe4 14. Qc3 Bd6 15. Rhe1 f5 16. f3 Qg5+ 17. Kb1 Be6 18. fxe4 fxg4 19. hxg4 Qxg4 20. Bf3 Qf4 21. Bxg7 Bb4 22. Qxb4 Kxg7 23. Qc3+ Kf8 24. Rf1 Kg8 25. Rg1+ Bg4 26. Rxg4+ 1-0